 Dungeon Crawl Stone Soup version 0.27-a0-607-g1ad3dbde53 (webtiles) character file.

Game seed: 3863424724219157820

22 Gaff the Poker (level 2, 0/23 HPs)
             Began as a Merfolk Gladiator on Mar 13, 2021.
             Succumbed to a kobold's poison
             ... on level 1 of the Dungeon.
             The game lasted 00:02:38 (790 turns).

Gaff the Poker (Merfolk Gladiator)                   Turns: 790, Time: 00:02:38

Health: 0/23       AC:  4    Str: 11 (14) XL:     2   Next: 91%
Magic:  2/2        EV: 13    Int:  5 (7)  God:
Gold:   16         SH:  0    Dex: 14 (15) Spells: 1/1 levels left

rFire    . . .     SeeInvis .   a - +0 trident
rCold    . . .     Faith    .   (no shield)
rNeg     . . .     Spirit   .   b - +0 leather armour
rPois    .         Reflect  .   c - +0 helmet
rElec    .         Harm     .   (no cloak)
rCorr    .         Rampage  .   (no gloves)
Will     .....                  (no boots)
Stlth    ++........             (no amulet)
HPRegen  0.07/turn              (no ring)
MPRegen  0.08/turn              (no ring)

@: lethally poisoned (0 -> -4)
A: amphibious, mertail
a: no special abilities


You were on level 1 of the Dungeon.
You visited 1 branch of the dungeon, and saw 2 of its levels.

You collected 16 gold pieces.

Inventory:

Hand Weapons
 a - a +0 trident (weapon)
 f - a +0 dagger of venom
Missiles
 d - 3 throwing nets (quivered)
Armour
 b - a +0 leather armour (worn)
 c - a +0 helmet (worn)
Scrolls
 e - a scroll of immolation {unknown}


   Skills:
 + Level 2.6 Fighting
 + Level 4.8 Polearms
 - Level 2.0 Throwing
 + Level 4.3 Dodging
 + Level 1.2 Stealth


You had one spell level left.
You didn't know any spells.
Your spell library was empty.

Dungeon Overview and Level Annotations

Branches:
Dungeon (2/15)

Altars:


Innate Abilities, Weirdness & Mutations

((You are quick and stealthy while swimming. (Stealth+, EV+, Speed+++)))
Your lower body shifts to a powerful aquatic tail in water.


Message History

You feel sick. The kobold barely misses you.
You hit the kobold.
You kill the kobold!
You feel sick.
It was a potion of degeneration.
There was something very wrong with that liquid.
You feel weakened.
You feel dopey.
You feel clumsy.
You feel sick.
You feel sick.
Things that are here:
a +0 dagger of venom; 2 stones
f - a +0 dagger of venom
* * * LOW HITPOINT WARNING * * *
You feel sick.
* * * LOW HITPOINT WARNING * * *
You feel sick.
* * * LOW HITPOINT WARNING * * *
You feel sick.
* * * LOW HITPOINT WARNING * * *
You feel sick.
* * * LOW HITPOINT WARNING * * *
You feel sick.
* * * LOW HITPOINT WARNING * * *
You feel sick.
* * * LOW HITPOINT WARNING * * *
You feel sick.
* * * LOW HITPOINT WARNING * * *
You feel sick.
* * * LOW HITPOINT WARNING * * *
You feel sick.
Okay, then.
* * * LOW HITPOINT WARNING * * *
You feel sick.
* * * LOW HITPOINT WARNING * * *
You feel sick.
* * * LOW HITPOINT WARNING * * *
You feel sick.
* * * LOW HITPOINT WARNING * * *
You feel sick.
You die...

#.......##.##..#.##.## #.# #...
#######.##.###.#.....# #.#####...
.....##.##.# #.#.....# #.........
...........# #.#.....###.#####...
###.###.##.# #.......+...........
#...#.##(# ##......###..####..#
###+#.#.##.# #..#######........#
........##.## #..# #...........#
............# ##@####.###.####..#
.........#.## #>................
♣........#.#####.####.###.####..#
≈......#..........###.###.# #..#
.......#...#####..........# #..#
.......##### ##.###.##..# #...
###.#### #.# #.##..# #... #.# #.#
#.##..# ###.
#.#############.###.##..# #.


There were no monsters in sight!

Vanquished Creatures
  2 dart slugs (D:1)
  3 bats (D:1)
  A giant cockroach (D:1)
  2 goblins
  2 hobgoblins (D:1)
  A ball python (D:1)
  A frilled lizard (D:1)
  4 kobolds (D:1)
  2 rats (D:1)
18 creatures vanquished.

Vanquished Creatures (others)
  A plant (D:1)
1 creature vanquished.

Grand Total: 19 creatures vanquished

Notes
Turn   | Place    | Note
-------+----------+-------------------------------------------
     0 | D:1      | Gaff the Merfolk Gladiator began the quest for the Orb.
     0 | D:1      | Reached XP level 1. HP: 16/16 MP: 1/1
    39 | D:1      | Reached XP level 2. HP: 10/23 MP: 2/2
   286 | D:1      | Reached skill level 1 in Stealth
   712 | D:1      | You fall into a shaft and drop 1 floor!
   783 | D:1      | HP: 1/23 [poisoned by a kobold]
   790 | D:1      | Succumbed to a kobold's poison

Illustrated notes

Levels and vault maps discovered:
D:1:      amcnicky_arrival_gap_in_the_tavern_cellar, layout_basic,
          serial_bayou_ford_a
D:2:      layout_basic, okawaru_trees_1, nicolae_overflow_crystal_walls,
          minmay_vboxes

Skill      XL: |  1  2 |
---------------+-------+-----
Stealth        | 1 |  1.2
Fighting       | |  2.6
Polearms       | |  4.8
Throwing       | |  2.0
Dodging        | |  4.3

Action                   || total
-------------------------++-------
Melee: Trident           ||    49
       Tailslap          ||     1
  Use: Potion            ||     1
 Stab: Sleeping          ||     3
Armor: Leather armour    ||    17
Dodge: Dodged            ||    30

Table legend: (Time is in decaauts)
 A = Elapsed time spent in this place.
 B = Non-inter-level travel time spent in this place.
 C = Inter-level travel time spent in this place.
 D = Time resting spent in this place.
 E = Time spent auto-exploring this place.
 F = Levels seen in this place.
 G = Mean time per level.
                   A        B        C        D        E       F      G
               +--------+--------+--------+--------+--------+-----+--------+
         Total |    783 |    783 |      0 |    194 |    368 |   2 |  391.5 |
       Dungeon |    783 |    783 |      0 |    194 |    368 |   2 |  391.5 |
               +--------+--------+--------+--------+--------+-----+--------+

Top non-repeatable levels by time:
     D:1: 754 daAuts
     D:2: 28 daAuts
